 Dungeon Crawl Stone Soup version 0.24.0-1-gfbc8707122 (webtiles) character file.

Game seed: 15687162190695380613, levelgen mode: deterministic

157164 Amplified the Warrior (level 17, -1/159 HPs)
             Began as a Demonspawn Warper on Oct 27, 2019.
             Was a Follower of Yredelemnul.
             Shot with an arrow by something (6 damage)
             ... on level 2 of the Elven Halls.
             The game lasted 01:06:50 (35995 turns).

Amplified the Warrior (Demonspawn Warper)          Turns: 35995, Time: 01:06:50

Health: -1/159     AC: 22    Str: 18    XL:     17   Next: 11%
Magic:  0/27       EV: 24    Int: 16    God:    Yredelemnul [*.....]
Gold:   696        SH:  0    Dex: 20    Spells: 9/20 levels left

rFire    + . .     SeeInvis .   E - +2 eveningstar (flame)
rCold    + + .     Gourm    .   M - +3 buckler {rC+}
rNeg     . . .     Faith    .   x - +4 ring mail {MR+}
rPois    +         Spirit   +   (helmet unavailable)
rElec    .         Reflect  .   F - +0 cloak
rCorr    .         Harm     .   O - +2 pair of gloves {Str+3}
MR       ++...                  v - +2 pair of boots "Yptakipp" {rPois}
Stlth    +.........             Q - amulet of Vitality {Regen+ HP+15}
HPRegen  0.36/turn              C - ring of protection from cold
MPRegen  0.40/turn              P - ring of protection from fire

@: confused, agile
A: horns 3, molten scales 2, foul stench 1, magic shield, magic regeneration,
rot immunity
a: Animate Remains, Renounce Religion


You were on level 2 of the Elven Halls.
You worshipped Yredelemnul.
Yredelemnul was aware of your devotion.
You were very hungry.

You visited 7 branches of the dungeon, and saw 30 of its levels.
You also visited: Ossuary, Bailey and Gauntlet.

You collected 2268 gold pieces.
You spent 1572 gold pieces at shops.

Inventory:

Hand Weapons
 E - a +2 eveningstar of flaming (weapon)
Missiles
 h - 32 boomerangs (quivered)
 k - 123 poisoned darts
 J - a throwing net
 U - 23 silver javelins
 W - 5 silver boomerangs
Armour
 r - a +2 pair of boots of flying
 s - the +2 pair of boots of Truth {+Fly rF+}
   (You bought it in a shop on level 5 of the Dungeon)

   It protects you from fire.
   It lets you fly.
 v - the +2 pair of boots "Yptakipp" (worn) {rPois}
   (You bought it in a shop on level 2 of the Orcish Mines)

   It protects you from poison.
 w - the cursed +0 robe "Qefrousya" {rElec rC- rN+++ Dex+3}
   (You found it on level 4 of the Dungeon)

   It affects your dexterity (+3).
   It makes you vulnerable to cold.
   It insulates you from electricity.
   It renders you almost immune to negative energy.
   It has a curse placed upon it.
 x - a +4 ring mail of magic resistance (worn)
 F - a +0 cloak (worn)
 M - a +3 buckler of cold resistance (worn)
 O - a +2 pair of gloves of strength (worn)
Jewellery
 a - the ring of Kiguj {Ice Int+5}
   (You found it in a Gauntlet)

   [ring of ice]

   It enhances your ice magic.
   It affects your intelligence (+5).
   It makes you vulnerable to fire.
   It protects you from cold.
 b - an uncursed ring of resist corrosion
 d - an uncursed ring of protection from cold
 o - an uncursed ring of positive energy
 q - an uncursed ring of flight
 t - an uncursed ring of ice
 B - an uncursed ring of fire
 C - a ring of protection from cold (left hand)
 P - a ring of protection from fire (right hand)
 Q - the amulet of Vitality (around neck) {Regen+ HP+15}
   (You found it on level 3 of the Spider Nest)

   [amulet of regeneration]

   It affects your health (+15).
   It increases your rate of regeneration.
 S - the amulet of the Four Winds {rN+ MR+++ Clar}
   (You took it off a minotaur in a Gauntlet)

   [amulet of nothing]

   It protects you from negative energy.
   It affects your resistance to hostile enchantments.
   It protects you against confusion.
Wands
 i - a wand of digging (4)
 j - a wand of enslavement (15)
 y - a wand of polymorph (21)
 I - a wand of flame (35)
 T - a wand of disintegration (26)
Scrolls
 e - 11 scrolls of remove curse
 g - a scroll of magic mapping
 m - 13 scrolls of amnesia
 H - 2 scrolls of enchant armour
 L - 4 scrolls of identify
Potions
 c - a potion of cancellation
 p - 5 potions of flight
 u - 9 potions of brilliance
 z - 4 potions of mutation
 A - a potion of agility
 D - a potion of magic
 G - a potion of resistance
Comestibles
 f - 29 rations


   Skills:
 * Level 16.1 Fighting
   Level 2.6 Long Blades
 - Level 14.4 Maces & Flails
 - Level 0.8 Throwing
 - Level 10.5 Armour
 * Level 11.1 Dodging
 - Level 5.9 Shields
 - Level 2.0 Spellcasting
 - Level 2.6 Translocations
 - Level 14.2 Invocations


You had 9 spell levels left.
You knew the following spells:

 Your Spells              Type           Power        Failure   Level  Hunger
a - Blink                 Tloc           N/A          16%         2    ###....
b - Shroud of Golubria    Chrm/Tloc      #.....       28%         2    ###....
c - Passage of Golubria   Tloc           N/A          71%         4    #####..
d - Regeneration          Chrm/Necr      #.........   67%         3    ###....

Your spell library contained the following spells:

 Spells                   Type           Power        Failure   Level  Hunger
 Apportation              Tloc           ##....       11%         1    #......
 Animate Skeleton         Necr           N/A          32%         1    #......
 Corona                   Hex            #......      32%         1    #......
 Infusion                 Chrm           #...         32%         1    #......
 Pain                     Necr           #...         32%         1    #......
 Summon Butterflies       Summ           #.......     32%         1    #......
 Gell's Gravitas          Tloc           ##........   32%         3    ###....
 Lesser Beckoning         Tloc           ##........   32%         3    ###....
 Teleport Other           Tloc           ##......     32%         3    ###....
 Ensorcelled Hibernation  Hex/Ice        #.....       43%         2    ###....
 Sublimation of Blood     Necr           #.........   43%         2    ###....
 Recall                   Summ/Tloc      N/A          50%         3    ###....
 Call Canine Familiar     Summ           #.......     67%         3    ###....
 Confuse                  Hex            #.......     67%         3    ###....
 Dazzling Spray           Conj/Hex       #.....       67%         3    ###....
 Ignite Poison            Fire/Tmut/Pois #.......     67%         3    ###....
 Tukima's Dance           Hex            #.......     67%         3    ###....
 Vampiric Draining        Necr           #.........   67%         3    ###....
 Animate Dead             Necr           N/A          97%         4    #####..
 Petrify                  Tmut/Erth      #.......     97%         4    #####..
 Summon Ice Beast         Ice/Summ       #.......     97%         4    #####..
 Throw Icicle             Conj/Ice       #.......     97%         4    #####..
 Alistair's Intoxication  Tmut/Pois      #.......     100%        5    ######.
 Borgnjor's Vile Clutch   Necr/Erth      #.........   100%        5    ######.
 Irradiate                Conj/Tmut      #.........   100%        5    ######.
 Summon Mana Viper        Hex/Summ       #.......     100%        5    ######.
 Death Channel            Necr           #.........   100%        6    #######
 Invisibility             Hex            #.......     100%        6    #######
 Simulacrum               Ice/Necr       #.........   100%        6    #######
 Summon Hydra             Summ           #.........   100%        7    #######


Dungeon Overview and Level Annotations

Branches:
Dungeon (15/15)            Temple (1/1) D:6            Lair (6/6) D:9
  Swamp (1/4) Lair:4       Spider (3/4) Lair:2        Slime (0/5) Lair:5
    Orc (2/2) D:12            Elf (2/3) Orc:2        Vaults (0/5) D:14
 Depths (0/5) D:15        Ossuary (visited)          Bailey (visited)
Gauntlet (visited)

Altars:
Ashenzari
Cheibriados
Dithmenos
Elyvilon
Fedhas
Gozag
Hepliaklqana
Kikubaaqudgha
Makhleb
Nemelex Xobeh
Okawaru
Qazlal
Ru
Sif Muna
Trog
Uskayaw
Vehumet
Wu Jian
Xom
Yredelemnul
Zin
The Shining One
Beogh
Jiyva

Shops:
D:4 !   D:5 [   D:13 ?[!   Orc:2 (}[(

Annotations:
D:15 Easy branches
Lair:2 2 transporters, Duaji's ghost, journeyman GrFi
Swamp:1 2 transporters
Orc:1 3 runed translucent doors, ChadusMaximus's ghost, journeyman MiBe
Elf:2 1 runed translucent door


Innate Abilities, Weirdness & Mutations

You have a pair of large horns on your head.
You are mostly covered in molten scales. (AC +3)
You may emit foul miasma when damaged in melee.
When hurt, damage is shared between your health and your magic reserves.
You regenerate magic rapidly.
You are immune to rotting.


Message History

Unknown command.
Unknown command.
You impale the deep elf mage!! You burn the deep elf mage.
You headbutt the deep elf mage!
The deep elf mage is almost dead.
The deep elf mage hits you but does no damage.
You hear some strange, mumbled words.
A shard of ice appears from out of thin air!
The shard of ice hits you!! You partially resist.
* * * LOW HITPOINT WARNING * * *
Unknown command.
Unknown command.
You barely miss the deep elf mage.
The deep elf mage is almost dead.
The ice beast misses you.
The deep elf archer blinks!
The deep elf mage misses you.
You hear a twanging sound.
An arrow appears from out of thin air!
The arrow hits you!
You die...
Your body rises from the dead as a mindless zombie.

..#.. # ## #.#e
.+#.. .... ...
#.. # .. ......
. ..
####.#.#.#.#
##@.#..e#...#
#Ye)###.).###.
##.ยง{()........
#.............
#e............
#.............
#.............
#..<).........
#..)..........


You could see a deep elf archer, a deep elf mage and an ice beast.

Vanquished Creatures
  Jorgrun (Spider:2)
  Rupert (D:15)
  Gastronok (D:8)
  Donald (Elf:1)
  A ghost moth (Spider:2)
  The ghost of collin38 the Warrior, a journeyman MiBe of Trog (D:13)
  A deep elf demonologist (Elf:1)
  Azrael (Orc:2)
  A minotaur (Gauntlet)
  3 dire elephants (Lair:6)
  Snorg (Lair:4)
  Fannar (Lair:2)
  9 hydras
  A rakshasa (D:15)
  A catoblepas (Gauntlet)
  An anaconda (Lair:6)
  An alligator (Swamp:1)
  3 centaur warriors
  7 two-headed ogres
  2 dancing weapons (Elf:1)
  A death knight (D:14)
  A queen ant (shapeshifter) (D:15)
  4 death yaks
  A queen ant (Lair:2)
  7 deep elf knights
  5 skeletal warriors (D:13)
  5 unseen horrors
  A phantasmal warrior (D:14)
  A glowing orange brain (D:15)
  Pikel (D:8)
  2 swamp dragons (Swamp:1)
  3 deep elf archers (Elf:1)
  A wolf spider zombie (D:14)
  2 orc knights (D:15)
  An orb spider (Spider:2)
  12 deep elf magi
  2 ugly things
  2 cyclopes
  2 wolf spiders (Spider:2)
  7 orc sorcerers
  11 slime creatures
  A centaur zombie (D:14)
  2 moths of wrath (Spider:2)
  3 elephants
  Psyche (D:8)
  A molten gargoyle (Gauntlet)
  5 gargoyles
  A torpor snail (Spider:2)
  A minotaur zombie (Gauntlet)
  9 spiny frogs
  7 black mambas
  A kobold demonologist (D:15)
  8 komodo dragons
  An ice devil (Gauntlet)
  A freezing wraith (D:14)
  3 demonic crawlers
  10 trolls
  7 jumping spiders
  3 meliai (D:13)
  4 tyrant leeches
  2 meliai (shapeshifter)
  4 hornets
  4 bog bodies (Swamp:1)
  6 blink frogs
  7 hippogriffs
  11 dream sheep
  Sigmund (D:2)
  20 redbacks
  8 tarantellas
  12 spriggans (Lair:3)
  A shadow (D:15)
  3 water elementals (Elf:1)
  4 wraiths
  47 yaks
  3 fire elementals
  A ynoxinul (Gauntlet)
  3 basilisks
  3 wyverns
  11 humans (D:14)
  3 hungry ghosts
  10 vampire mosquitoes
  Menkaure (D:6)
  2 two-headed ogre zombies (D:12)
  9 soldier ants
  6 swamp worms
  An acid dragon (D:15)
  7 wargs
  11 water moccasins
  The ghost of Aronfury the Conjurer, an amateur VSCj (D:3)
  2 hell hounds (Orc:2)
  11 porcupines
  2 eyes of draining
  30 orc warriors
  A swamp drake (Swamp:1)
  5 black bears
  8 boggarts
  4 wolves
  8 ogres
  13 crocodiles
  14 centaurs
  5 big kobolds
  2 earth elementals
  A wyvern zombie (D:10)
  13 bullfrogs
  A wyvern skeleton (D:6)
  4 scorpions
  A water moccasin skeleton (D:7)
  3 troll zombies (D:12)
  12 wights
  An electric eel (D:9)
  9 crimson imps
  4 jellies
  A bullfrog zombie (D:13)
  4 iron imps (Gauntlet)
  5 centaur skeletons
  10 hounds
  14 orc priests
  A bullfrog skeleton (D:5)
  4 iguanas
  44 orc wizards
  12 worker ants
  A killer bee zombie (D:9)
  3 ogre zombies (D:12)
  3 hound skeletons
  13 mummies (Ossuary)
  2 worker ant zombies
  8 gnolls (D:3)
  12 adders
  6 shadow imps
  2 white imps (Gauntlet)
  An ooze (D:2)
  3 adder skeletons
  An adder zombie (D:7)
  3 worms
  2 dart slugs
  A leopard gecko (D:2)
  110 orcs
  6 bats
  6 giant cockroaches
  14 goblins
  6 hobgoblins
  7 jackals
  12 kobolds
  6 quokkas
  2 ball pythons
  5 frilled lizards
  2 gnoll skeletons (Ossuary)
  2 goblin skeletons (Ossuary)
  3 goblin zombies (D:12)
  A hobgoblin skeleton (D:12)
  3 hobgoblin zombies (D:12)
  2 kobold skeletons (Ossuary)
  8 orc skeletons
  11 orc zombies (D:12)
  A quokka skeleton (D:6)
  10 rats
  11 rat skeletons (Ossuary)
  2 plants (Lair:6)
922 creatures vanquished.

Vanquished Creatures (collateral kills)
  2 dire elephants (Lair:6)
  4 hydras
  A two-headed ogre (D:13)
  5 death yaks
  A death drake (Orc:2)
  An ugly thing (D:15)
  2 black mambas
  5 elephants
  A centaur skeleton (D:15)
  A demonic crawler (Spider:2)
  2 spiny frogs
  A rime drake (shapeshifter) (D:15)
  A komodo dragon (Lair:5)
  A jumping spider (Spider:2)
  A troll (Orc:2)
  4 blink frogs
  4 hippogriffs
  2 dream sheep
  6 redbacks
  3 tarantellas (Spider:2)
  11 yaks
  3 wargs (Orc:2)
  13 soldier ants (Lair:2)
  3 water moccasins
  A porcupine (Lair:1)
  An orc warrior (Orc:2)
  6 crocodiles
  A scorpion (D:12)
  A crimson imp (D:15)
  An orc priest (Orc:1)
  2 orc wizards
  15 worker ants
  A leopard gecko (D:11)
  20 orcs
  A bat (Bailey)
  2 kobolds (D:15)
  An orc zombie (D:12)
  4 fungi
  A plant (Lair:5)
136 creatures vanquished.

Vanquished Creatures (others)
  A skeletal warrior (Lair:6)
  A phantasmal warrior (Lair:3)
  A wolf spider zombie (Spider:2)
  An orc sorcerer (Orc:2)
  4 redback zombies (Spider:2)
  3 vampires
  4 wraiths
  A human (D:14)
  A hornet zombie (D:11)
  An elephant zombie (Lair:6)
  An elephant skeleton (Lair:6)
  A troll zombie (Orc:2)
  A warg zombie (Orc:2)
  A yak zombie (D:11)
  4 wights
  A centaur zombie (D:11)
  An orc wizard (Orc:2)
  A porcupine zombie (Lair:5)
  An iguana zombie (D:8)
  An orc (Bailey)
  A goblin (D:2)
  A quokka (D:12)
  11 orc skeletons
  23 orc zombies
  3 fungi
  10 plants
80 creatures vanquished.

Grand Total: 1138 creatures vanquished

Notes
Turn   | Place    | Note
-------+----------+-------------------------------------------
     0 | D:1      | Amplified the Demonspawn Warper began the quest for the
                  | Orb.
     0 | D:1      | Reached XP level 1. HP: 16/16 MP: 3/3
    68 | D:1      | Reached skill level 1 in Armour
    79 | D:1      | Gained mutation: You have a pair of small horns on your
                  | head. [demonic ancestry]
    79 | D:1      | Reached XP level 2. HP: 10/22 MP: 5/5
   281 | D:1      | Learned a level 2 spell: Blink
   436 | D:1      | Learned a level 2 spell: Shroud of Golubria
   829 | D:2      | Reached XP level 3. HP: 22/28 MP: 6/6
  1050 | D:2      | Reached skill level 3 in Fighting
  1237 | D:2      | Noticed Sigmund
  1250 | D:2      | Killed Sigmund
  1250 | D:2      | Gained mutation: You are partially covered in molten
                  | scales. (AC +2) [demonic ancestry]
  1250 | D:2      | Reached XP level 4. HP: 29/37 MP: 7/7
  1250 | D:2      | Reached XP level 5. HP: 33/42 MP: 8/8
  1288 | D:2      | Noticed Ijyb
  1833 | D:3      | Noticed an eye of draining
  1846 | D:3      | Killed an eye of draining
  1846 | D:3      | Reached skill level 4 in Fighting
  1846 | D:3      | Reached XP level 6. HP: 46/48 MP: 0/9
  2436 | D:3      | Learned a level 4 spell: Passage of Golubria
  2636 | D:3      | Found a large runed translucent door.
  2636 | D:3      | Found a large runed translucent door.
  2639 | D:3      | Noticed Aronfury's ghost (amateur VSCj)
  2706 | D:4      | Gained mutation: When hurt, damage is shared between your
                  | health and your magic reserves. [demonic ancestry]
  2706 | D:4      | Reached XP level 7. HP: 54/55 MP: 10/10
  2819 | D:4      | Found a hide-covered altar of Uskayaw.
  2830 | D:4      | Reached skill level 5 in Fighting
  3063 | D:4      | Found Woationer's Distillery.
  3068 | D:4      | Bought a potion of heal wounds for 50 gold pieces
  3068 | D:4      | Bought a potion of agility for 40 gold pieces
  3068 | D:4      | Bought a potion of brilliance for 40 gold pieces
  3068 | D:4      | Bought a potion of degeneration for 10 gold pieces
  3162 | D:4      | Got an ancient robe
  3191 | D:4      | Found a glowing silver altar of Zin.
  3208 | D:4      | Identified the cursed +0 robe "Qefrousya" {rElec rC- rN+++
                  | Dex+3} (You found it on level 4 of the Dungeon)
  3431 | D:5      | Entered Level 5 of the Dungeon
  3453 | D:5      | Got an ancient spear
  3466 | D:5      | Found a stormy altar of Qazlal.
  3478 | D:5      | Found a shimmering altar of Xom.
  3481 | D:5      | Reached skill level 5 in Maces & Flails
  3620 | D:5      | Found a sand-covered staircase.
  3626 | Ossuary  | Entered an ossuary
  3893 | Ossuary  | Reached XP level 8. HP: 52/64 MP: 8/11
  4436 | D:5      | Found Mocseg's Antique Armour Emporium.
  4461 | D:5      | Reached skill level 6 in Fighting
  4820 | D:5      | Noticed a gargoyle
  4868 | D:5      | Killed a gargoyle
  5715 | D:5      | Reached skill level 7 in Fighting
  5939 | D:6      | Found a staircase to the Ecumenical Temple.
  5949 | D:6      | Gained mutation: You have a pair of horns on your head.
                  | [demonic ancestry]
  5949 | D:6      | Reached XP level 9. HP: 67/72 MP: 12/12
  6006 | Temple   | Entered the Ecumenical Temple
  6213 | Temple   | Became a worshipper of Yredelemnul the Dark
  6283 | D:6      | Noticed Menkaure
  6290 | D:6      | Killed Menkaure
  6772 | D:7      | Reached skill level 5 in Dodging
  7221 | D:7      | Found a bloodstained altar of Trog.
  7602 | D:8      | Noticed Psyche
  7615 | D:8      | Killed Psyche
  7615 | D:8      | Reached skill level 8 in Fighting
  7615 | D:8      | Reached skill level 5 in Armour
  7666 | D:8      | Found an ancient bone altar of Kikubaaqudgha.
  7670 | D:8      | Found a shimmering blue altar of Sif Muna.
  7672 | D:8      | Found a radiant altar of Vehumet.
  7676 | D:8      | Identified Sif Muna's Catalogue of Enhancements
  7716 | D:8      | Reached * piety under Yredelemnul
  7950 | D:8      | Found a roughly hewn altar of Beogh.
  7963 | D:8      | Noticed Gastronok
  8019 | D:9      | Identified the +7 spear "Hijeis" {pierce, *Drain rElec
                  | Str+6 SInv} (You found it on level 5 of the Dungeon)
  8030 | D:9      | Gained mutation: You are mostly covered in molten scales.
                  | (AC +3) [demonic ancestry]
  8030 | D:9      | Reached XP level 10. HP: 72/82 MP: 11/13
  8277 | D:9      | Noticed a two-headed ogre
  8297 | D:9      | Killed a two-headed ogre
  8297 | D:9      | Reached skill level 9 in Fighting
  8510 | D:9      | Reached ** piety under Yredelemnul
  8758 | D:9      | Found a burning altar of Makhleb.
  8758 | D:9      | Found a shimmering altar of Xom.
  8759 | D:9      | Found a faded altar of an unknown god.
  8780 | D:9      | Found a shadowy altar of Dithmenos.
  8809 | D:9      | Found a faded altar of an unknown god.
  9090 | D:9      | Found a staircase to the Lair.
  9623 | D:2      | Noticed Ijyb
  9623 | D:2      | Ijyb changed into Ijyb the boggart
  9631 | D:2      | Killed Ijyb the boggart
  9734 | D:3      | Killed Aronfury's ghost
 10051 | D:8      | Noticed a two-headed ogre
 10069 | D:8      | Killed a two-headed ogre
 10069 | D:8      | Reached skill level 10 in Fighting
 10300 | D:8      | Noticed Pikel
 10307 | D:8      | Killed Pikel
 10307 | D:8      | Gained mutation: You regenerate magic rapidly. [demonic
                  | ancestry]
 10307 | D:8      | Reached XP level 11. HP: 88/90 MP: 12/14
 10393 | D:8      | Killed Gastronok
 10801 | D:10     | Entered Level 10 of the Dungeon
 11658 | D:10     | Reached *** piety under Yredelemnul
 11667 | D:10     | Reached skill level 10 in Maces & Flails
 12180 | D:11     | Paralysed by a hornet for 3 turns
 12194 | D:11     | Reached skill level 11 in Fighting
 12684 | D:11     | Noticed a two-headed ogre
 12700 | D:11     | Killed a two-headed ogre
 13229 | D:11     | Reached **** piety under Yredelemnul
 13388 | D:11     | Reached XP level 12. HP: 100/100 MP: 15/15
 13455 | D:11     | Received a gift from Yredelemnul (a wight)
 13556 | D:12     | Noticed a six-headed hydra
 13695 | D:5      | Bought a pair of faintly glowing boots for 237 gold pieces
 13695 | D:5      | Bought a glowing ring mail for 175 gold pieces
 13710 | D:5      | Identified the +2 pair of boots of Truth {+Fly rF+} (You
                  | bought it in a shop on level 5 of the Dungeon)
 13853 | Lair:1   | Entered Level 1 of the Lair of Beasts
 13853 | Lair:1   | Noticed an eight-headed hydra
 14462 | D:12     | Killed a six-headed hydra
 14505 | D:12     | Found a staircase to the Orcish Mines.
 14572 | D:11     | Reached skill level 1 in Invocations
 14689 | D:12     | Identified the +7 dire flail of Amplified's Terror {flame,
                  | Str+3}
 14689 | D:12     | Identified the cursed +1 chain mail "Leiteq" {Str+2}
 14690 | D:12     | Noticed collin38's ghost (journeyman MiBe)
 14726 | D:12     | Received a gift from Yredelemnul (a wight)
 14873 | D:12     | Found a runed translucent gate.
 14873 | D:12     | Found a runed translucent gate.
 14873 | D:12     | Found a runed translucent gate.
 14892 | D:12     | Found a roughly hewn altar of Beogh.
 14966 | D:13     | Found Qaoqalofa's Distillery.
 14986 | D:13     | Reached skill level 12 in Fighting
 15320 | D:13     | Noticed a seven-headed hydra
 15329 | D:13     | Killed a seven-headed hydra
 15533 | D:13     | Found Eseisema's Armour Emporium.
 15558 | D:13     | Received a gift from Yredelemnul (a wight)
 15600 | D:13     | Noticed a two-headed ogre
 15612 | D:13     | Killed a two-headed ogre
 16040 | D:12     | Received a gift from Yredelemnul (a mummy)
 16102 | D:12     | Reached skill level 5 in Invocations
 16276 | D:13     | Bought a potion of heal wounds for 60 gold pieces
 16720 | D:13     | Found Puoveod's Magic Scroll Boutique.
 16905 | Orc:1    | Entered Level 1 of the Orcish Mines
 17111 | Orc:1    | Found a flagged portal.
 17132 | Bailey   | Entered a bailey
 17288 | Bailey   | Received a gift from Yredelemnul (a vampire)
 17415 | Bailey   | Reached skill level 5 in Shields
 17415 | Bailey   | Gained mutation: You are immune to rotting. [demonic
                  | ancestry]
 17415 | Bailey   | Reached XP level 13. HP: 109/109 MP: 17/17
 17689 | Orc:2    | Entered Level 2 of the Orcish Mines
 18260 | Orc:2    | Gained mutation: You may emit foul miasma when damaged in
                  | melee. [demonic ancestry]
 18260 | Orc:2    | Reached XP level 14. HP: 89/116 MP: 18/18
 18336 | Orc:2    | Received a gift from Yredelemnul (a vampire)
 18645 | Orc:1    | Found a runed translucent gate.
 18645 | Orc:1    | Found a runed translucent gate.
 18645 | Orc:1    | Found a runed translucent gate.
 18666 | Orc:1    | Noticed ChadusMaximus's ghost (journeyman MiBe)
 18781 | Orc:1    | Reached ***** piety under Yredelemnul
 18781 | Orc:1    | Received a gift from Yredelemnul (a wight)
 18790 | Orc:1    | Received a gift from Yredelemnul (a wraith)
 19342 | Orc:2    | Found a roughly hewn altar of Beogh.
 19359 | Orc:2    | Noticed Azrael
 19379 | Orc:2    | Killed Azrael
 19419 | Orc:2    | Found a staircase to the Elven Halls.
 19430 | Orc:2    | Reached skill level 13 in Fighting
 19496 | Orc:2    | Found Ydiw's Antique Weapon Shoppe.
 19496 | Orc:2    | Found Seame's Gadget Boutique.
 19570 | Orc:2    | Found Voqekay's Antique Armour Shoppe.
 19570 | Orc:2    | Found Siwinn's Antique Weapon Boutique.
 19575 | Orc:2    | Bought a pair of distressingly furry boots for 323 gold
                  | pieces
 19575 | Orc:2    | Bought a shiny buckler for 255 gold pieces
 19575 | Orc:2    | Identified the +2 pair of boots "Yptakipp" {rPois} (You
                  | bought it in a shop on level 2 of the Orcish Mines)
 20035 | D:13     | Bought a +0 pair of gloves of strength for 172 gold pieces
 20179 | Lair:1   | Received a gift from Yredelemnul (a skeletal warrior)
 20838 | Lair:2   | Noticed Fannar
 20863 | Lair:2   | Killed Fannar
 20893 | Lair:2   | Received a gift from Yredelemnul (a skeletal warrior)
 20955 | Lair:2   | Found a hole to the Spider Nest.
 20968 | Lair:2   | Received a gift from Yredelemnul (a phantasmal warrior)
 20979 | Lair:2   | Found a transporter.
 20980 | Lair:2   | Found a transporter.
 20981 | Lair:2   | Noticed Duaji's ghost (journeyman GrFi)
 21064 | Lair:2   | Received a gift from Yredelemnul (a wraith)
 21279 | Lair:2   | Found a gate leading to a gauntlet.
 21285 | Gauntlet | Entered a Gauntlet
 21285 | Gauntlet | Found a transporter.
 21285 | Gauntlet | Found a transporter.
 21285 | Gauntlet | Found a transporter.
 21306 | Gauntlet | Found a transporter.
 21316 | Gauntlet | Found a transporter.
 21319 | Gauntlet | Found a transporter.
 21329 | Gauntlet | Found a transporter.
 21348 | Gauntlet | Found a transporter.
 21362 | Gauntlet | Found a transporter.
 21365 | Gauntlet | Found a transporter.
 21375 | Gauntlet | Found a transporter.
 21376 | Gauntlet | Found a transporter.
 21549 | Gauntlet | Received a gift from Yredelemnul (a wraith)
 21557 | Gauntlet | Got a fine ivory ring
 21558 | Gauntlet | Identified the ring of Kiguj {Ice Int+5} (You found it in a
                  | Gauntlet)
 21568 | Gauntlet | Identified the cursed +2 halberd of Forgiveness {flame, rF+
                  | rC+ Int+2}
 21709 | Gauntlet | Got a warped bronze amulet
 21710 | Gauntlet | Identified the amulet "Zurphirr" {Inacc Dex+3} (You found
                  | it in a Gauntlet)
 22684 | Lair:3   | Reached skill level 10 in Invocations
 23208 | Lair:3   | Gained mutation: You have a pair of large horns on your
                  | head. [demonic ancestry]
 23208 | Lair:3   | Reached XP level 15. HP: 117/125 MP: 22/22
 23311 | Lair:4   | Noticed Snorg
 23320 | Lair:4   | Killed Snorg
 23485 | Lair:4   | Received a gift from Yredelemnul (a vampire knight)
 23944 | Lair:4   | Reached skill level 14 in Fighting
 24129 | Lair:4   | Found a staircase to the Swamp.
 24836 | Lair:5   | Received a gift from Yredelemnul (a skeletal warrior)
 25345 | Lair:5   | Found a staircase to the Slime Pits.
 25346 | Lair:5   | Found a viscous altar of Jiyva.
 25874 | Lair:6   | Entered Level 6 of the Lair of Beasts
 25896 | Lair:6   | Received a gift from Yredelemnul (a wraith)
 26979 | Lair:6   | Identified the Catalogue of Arcane Weapons
 27650 | D:13     | Reached skill level 10 in Dodging
 27719 | D:13     | Bought a scroll of teleportation for 30 gold pieces
 27719 | D:13     | Bought a scroll of teleportation for 30 gold pieces
 27719 | D:13     | Bought a scroll of enchant armour for 75 gold pieces
 27719 | D:13     | Bought a scroll of enchant weapon for 75 gold pieces
 28689 | D:14     | Reached XP level 16. HP: 84/134 MP: 19/25
 29195 | D:14     | Found a gate to the Vaults.
 29494 | D:15     | Entered Level 15 of the Dungeon
 29516 | D:15     | Reached skill level 10 in Armour
 29698 | D:15     | Received a gift from Yredelemnul (a vampire)
 29716 | D:15     | Reached skill level 15 in Fighting
 30029 | D:15     | Noticed Rupert
 30108 | D:15     | Killed Rupert
 30291 | D:15     | Received a gift from Yredelemnul (a ghoul)
 30310 | D:15     | Found a staircase to the Depths.
 30624 | Spider:1 | Entered Level 1 of the Spider Nest
 30723 | Spider:1 | Learned a level 3 spell: Regeneration
 30886 | Spider:1 | Received a gift from Yredelemnul (a bone dragon)
 30921 | Spider:1 | You fall into a shaft and drop 1 floor!
 31187 | Spider:2 | Noticed Jorgrun
 31672 | Spider:2 | Killed Jorgrun
 31863 | Spider:3 | Found the amulet of Vitality {Regen+ HP+15}
 32549 | Swamp:1  | Entered Level 1 of the Swamp
 32941 | Swamp:1  | Found a transporter.
 33179 | Swamp:1  | Found a transporter.
 33784 | Elf:1    | Entered Level 1 of the Elven Halls
 33784 | Elf:1    | Noticed Donald
 33795 | Elf:1    | Killed Donald
 34133 | Elf:1    | Found a radiant altar of Vehumet.
 34147 | Elf:1    | Reached skill level 1 in Long Blades
 34196 | Elf:1    | HP: 4/136 [deep elf archer/+0 short sword (10)]
 35082 | D:13     | Killed collin38's ghost
 35584 | Elf:1    | Reached XP level 17. HP: 124/144 MP: 25/27
 35658 | Elf:1    | Reached skill level 16 in Fighting
 35954 | Elf:2    | Found a runed translucent gate.
 35994 | Elf:2    | HP: 2/159 [something/shard of ice (20)]
 35995 | Elf:2    | Shot with an arrow by something

Levels and vault maps discovered:
D:1:      ebering_trefoil_twist, layout_rooms
D:2:      kennysheep_the_goblin_king, layout_rooms, chequers_garden,
          uniq_sigmund
D:3:      layout_loops_corners, serial_rivers, chequers_serial_rivers_micro_a,
          chequers_serial_rivers_small_b, chequers_serial_rivers_large_b,
          chequers_serial_rivers_small_b, chequers_serial_rivers_micro_b,
          chequers_serial_rivers_room_b, ebering_ghost_disaster_area
D:4:      layout_basic, lemuel_crystal_altar, kennysheep_mini, serial_shops,
          shop_fountains, grunt_ministairs_5, minmay_mini_jars, uniq_ijyb
D:5:      black_bear_nest_2, layout_gridville, old_standard_altar, first_ration,
          serial_shops, nicolae_shop_statue_plus,
          lightli_ossuary_entry_decrepit_ruins, basic_altar,
          corexii_checkpoint_b
D:6:      layout_loops_ring, minmay_temple_entry_junction_2, uniq_menkaure
D:7:      layout_gridville, basic_altar
D:8:      layout_gridville, grunt_temple_overflow_magic_moments,
          david_defended_altar_orc, uniq_gastronok, uniq_psyche, uniq_pikel
D:9:      layout_basic, chequers_temple_overflow_minitemple, erik_lair_island
D:10:     layout_cave_pods
D:11:     layout_roguey
D:12:     layout_gridville, zombieorc2_lemuel, biasface_ghost_orc_armoury
D:13:     layout_basic, serial_shops, shop, nicolae_shop_waterfront, shop,
          hangedman_ranch [blue_anna_fruit_fields]
D:14:     layout_basic, ximxim_vaults_locker_room, minivault_26
D:15:     gammafunk_enter_depths_forms, layout_rooms,
          chequers_serial_rivers_micro_c, hangedman_abyss_or_decor_stagger,
          grunt_ministairs_6, uniq_rupert
Temple:   nicolae_temple_figure_eight
Lair:1:   layout_misc_corridors, serial_bayou_pond_b, serial_bayou_shore_a
Lair:2:   layout_long_grid, dummy_spider_entry, gammafunk_ghost_hive,
          gauntlet_entry_generic, minivault_29, lemuel_fruit_fields, uniq_fannar
Lair:3:   kb_forest_paths, layout_misc_corridors
Lair:4:   layout_hall_layers, minmay_swamp_entry_worms, kilobyte_rumbling_trees,
          uniq_snorg
Lair:5:   layout_layer_cave, slime_altar_1, lemuel_fruit_tree,
          serial_bayou_shore_b, grunt_megastairs_1
Lair:6:   due_jungle_book, layout_regular_city
Swamp:1:  gammafunk_the_bubble [the_bubble_gammafunk_grid], layout_falls_marsh,
          serial_swamp_ruin, evilmike_swamp_ruin_rubble_2,
          evilmike_swamp_ruin_house_4, evilmike_swamp_ruin_house_2, swamp_pool4,
          uniq_louise
Spider:1: layout_spider_delve, drop_trap, nicolae_spider_circle_web
Spider:2: layout_spider_delve, uniq_jorgrun
Spider:3: layout_spider_delve, drop_trap
Orc:1:    layout_caves, enter_bailey_3, gammafunk_ghost_necromancy, serial_shops
Orc:2:    st_orc_town, layout_caves, uniq_azrael
Elf:1:    eino_elf_arrival_altar, layout_rooms, minmay_elf_demonology,
          grunt_ministairs_1, nicolae_elf_w_pinch, minmay_elf_sorcery,
          uniq_donald, uniq_asterion
Elf:2:    layout_onion_city

Skill      XL: |  1  2  3  4  5  6  7  8  9 10 11 12 13 14 15 16 17 |
---------------+----------------------------------------------------+-----
Maces & Flails | 2 3 4 5 6 7 9 10 11 12 13 14 | 14.4
Armour         | 1 2 3 4 5 6 7 8 9 10 | 10.5
Dodging        | 2 3 4 5 6 7 8 9 10 11 | 11.1
Fighting       | 3 4 5 7 8 10 11 12 13 14 15 16 | 16.1
Invocations    | 5 6 10 12 14 | 14.2
Shields        | 5 |  5.9
Long Blades    | 2 |  2.6
Throwing       | |  0.8
Spellcasting   | |  2.0
Translocations | |  2.6

Action                   |  1- 3 |  4- 6 |  7- 9 | 10-12 | 13-15 | 16-18 || total
-------------------------+-------+-------+-------+-------+-------+-------++-------
Melee: Mace              |   117 |     8 |       |       |       |       ||   125
       Headbutt          |    12 |    12 |    66 |   149 |   327 |   185 ||   751
       Flail             |       |    99 |   385 |   868 |  1437 |   612 ||  3401
       Eveningstar       |       |       |       |       |       |   127 ||   127
       Double sword      |       |       |       |       |       |    65 ||    65
Throw: Boomerang         |     2 |       |    12 |     2 |     2 |       ||    18
 Cast: Shroud of Golubri |     1 |       |       |     1 |       |       ||     2
       Blink             |       |       |       |       |       |     3 ||     3
Invok: Animate Remains   |       |       |     1 |     3 |       |       ||     4
       Injury Mirror     |       |       |       |     8 |    20 |    12 ||    40
       Animate Dead      |       |       |       |     9 |    14 |     3 ||    26
       Drain Life        |       |       |       |     1 |     1 |     1 ||     3
       Recall Undead Sla |       |       |       |     1 |       |     1 ||     2
Evoke: Wand              |       |     5 |     8 |    44 |    21 |    15 ||    93
  Use: Scroll            |     3 |     5 |    15 |    14 |    23 |    15 ||    75
       Potion            |     5 |       |    10 |    17 |    10 |    18 ||    60
 Stab: Sleeping          |       |     3 |       |       |       |       ||     3
       Paralysed         |       |       |       |    22 |     3 |       ||    25
       Distracted        |       |       |       |     1 |     7 |     4 ||    12
       Confused          |       |       |       |       |       |     1 ||     1
  Eat: Chunk             |     1 |     5 |     5 |    15 |    24 |     6 ||    56
       Ration            |       |       |     4 |     8 |     5 |     5 ||    22
Armor: Leather armour    |    40 |       |       |       |       |       ||    40
       Robe              |       |    29 |    98 |   100 |       |       ||   227
       Skin              |       |       |       |    41 |       |       ||    41
       Ring mail         |       |       |       |   238 |   478 |   352 ||  1068
Dodge: Dodged            |   121 |    61 |   218 |   704 |   776 |   626 ||  2506
Block: Buckler           |       |       |       |       |   373 |   335 ||   708
       Rpst.: Double sword |       |       |       |       |       |    12 ||    12
